 Dungeon Crawl Stone Soup version 0.27.1-4-g1640c2035a (webtiles) character file.

Game seed: 18234800421109679900

73 scsoc the Covered (level 4, -4/33 (35) HPs)
             Began as a Demonspawn Fighter on Nov 3, 2021.
             Slain by Crazy Yiuf (6 damage)
             ... on level 3 of the Dungeon.
             The game lasted 00:05:43 (2697 turns).

scsoc the Covered (Demonspawn Fighter)              Turns: 2697, Time: 00:05:43

HP:   -4/33 (35)    AC: 12    Str: 18    XL:     4   Next: 8%
MP:   3/4           EV:  7    Int:  9    God:
Gold: 111           SH:  9    Dex: 12    Spells: 3/3 levels left

rFire    . . .     SeeInvis .   a - +0 long sword
rCold    + . .     Faith    .   c - +0 kite shield
rNeg     . . .     Spirit   .   b - +0 scale mail
rPois    +         Reflect  .   l - +1 helmet
rElec    .         Harm     .   (no cloak)
rCorr    .         Rampage  .   (no gloves)
Will     .....                  (no boots)
Stlth    ..........             (no amulet)
HPRegen  0.11/turn              h - ring of protection from cold
MPRegen  0.09/turn              o - ring of poison resistance

@: hasted, drained, very quick
A: molten scales 2
a: no special abilities


You were on level 3 of the Dungeon.
You visited 1 branch of the dungeon, and saw 3 of its levels.

You collected 111 gold pieces.

Inventory:

Hand Weapons
 a - a +0 long sword (weapon)
Armour
 b - a +0 scale mail (worn)
 c - a +0 kite shield (worn)
 l - a +1 helmet (worn)
Jewellery
 h - a ring of protection from cold (left hand)
 n - a ring of flight
 o - a ring of poison resistance (right hand)
 p - a ring of protection from cold
 q - a ring of fire
Scrolls
 g - a scroll of blinking {unknown}
 i - a scroll of teleportation
 j - a scroll of identify
Potions
 d - 2 potions of might
 e - a potion of magic
 f - a potion of lignification
 k - a potion of heal wounds
 m - a potion of haste


   Skills:
 + Level 3.3 Fighting
 + Level 2.2 Long Blades
 + Level 3.5 Armour
 + Level 3.2 Shields


You had 3 spell levels left.
You didn't know any spells.
Your spell library contained the following spells:

 Spells                   Type           Power      Damage    Failure   Level
 Magic Dart               Conj           0%         1d3       99%         1
 Call Imp                 Summ           0%         N/A       100%        2
 Corpse Rot               Necr/Air       N/A        N/A       100%        2
 Poisonous Vapours        Pois/Air       0%         N/A       100%        2
 Mephitic Cloud           Conj/Pois/Air  0%         N/A       100%        3
 Freezing Cloud           Conj/Ice/Air   0%         6-21      100%        5


Dungeon Overview and Level Annotations

Branches:
Dungeon (3/15)

Altars:

Shops:
D:2 (

Annotations:
D:3 Crazy Yiuf


Innate Abilities, Weirdness & Mutations

You are mostly covered in molten scales. (AC +3)


Message History

You barely miss the adder. The adder bites you.
The adder bites you but does no damage.
Your shield and scale mail prevent you from hitting the adder.
The adder bites you but does no damage. You block the adder's attack.
You completely miss the adder. The adder closely misses you.
The adder barely misses you.
You riposte.
You slash the adder!
The adder is severely wounded.
You slash the adder!
You kill the adder!
You have reached level 4!
You feel stronger.
Your demonic ancestry asserts itself...
Molten scales spread over more of your body.
Found a ring of protection from cold.
Items here: ) [ ††.
Found a twisted diamond ring.
p - a ring of protection from cold
q - a ring of fire
There is a stone staircase leading up here.
Found two maces.
Found a mace.
Found a runed translucent door.
You open the door. You barely miss Crazy Yiuf.
Crazy Yiuf hits you with a +3 quarterstaff of chaos.
You suddenly lose the ability to move!
Crazy Yiuf hits you but does no damage.
You feel yourself speed up. Crazy Yiuf hits you but does no damage.
Crazy Yiuf hits you with a +3 quarterstaff of chaos!
Crazy Yiuf hits you but does no damage.
Crazy Yiuf hits you with a +3 quarterstaff of chaos!
You feel drained.
Crazy Yiuf hits you with a +3 quarterstaff of chaos. x2
* * * LOW HITPOINT WARNING * * *
You feel your power leaking away.
You can move again.
You slash Crazy Yiuf!
Crazy Yiuf is heavily wounded.
Crazy Yiuf hits you with a +3 quarterstaff of chaos.
* * * LOW HITPOINT WARNING * * *
You convulse.
You die...

....######
..........
##...#####
.........#
##...##### ###.##
♣♣♣♣♣#### #.# ###
♣♣♣.♣..#..### #
#.#
#...#♣..♣........#
# #.#
#...g@♣♣♣♣)..)...#
.##.# #)..#♣♣
♣♣.#..#.# ###.#
### ♣♣####.# # #.#
#.# #.# #.# #.#
### #.# #.# #.# ..
#.# #.# #.# #.#
#.# ###.# #.# #.#
#.#


You could see Crazy Yiuf.

Vanquished Creatures
  2 adders
  2 worms (D:2)
  2 orcs (D:3)
  4 bats
  4 giant cockroaches
  3 goblins
  3 hobgoblins
  3 jackals (D:1)
  4 kobolds
  4 quokkas
  7 ball pythons
  4 frilled lizards
  4 rats
46 creatures vanquished.

Notes
Turn   | Place    | Note
-------+----------+-------------------------------------------
     0 | D:1      | scsoc the Demonspawn Fighter began the quest for the Orb.
     0 | D:1      | Reached XP level 1. HP: 18/18 MP: 1/1
   428 | D:1      | Gained mutation: You are partially covered in molten
                  | scales. (AC +2) [demonic ancestry]
   428 | D:1      | Reached XP level 2. HP: 24/24 MP: 2/2
   463 | D:1      | Found a faded altar of an unknown god.
  1217 | D:2      | Reached XP level 3. HP: 25/29 MP: 3/3
  1308 | D:2      | Found Letottuj's Antique Weapon Shoppe.
  2589 | D:3      | Gained mutation: You are mostly covered in molten scales.
                  | (AC +3) [demonic ancestry]
  2589 | D:3      | Reached XP level 4. HP: 30/35 MP: 4/4
  2685 | D:3      | Found a runed translucent door.
  2686 | D:3      | Noticed Crazy Yiuf
  2690 | D:3      | Paralysed by Crazy Yiuf for 7 turns
  2697 | D:3      | Slain by Crazy Yiuf

Illustrated notes

Levels and vault maps discovered:
D:1:      denvon_arrival_hothouse, layout_loops_ring,
          hellmonk_ecumenical_altar_crossroads, serial_bayou_pond_e,
          st_stairs_10
D:2:      layout_loops_ring, serial_shops, nicolae_lakefront_shop
D:3:      layout_loops_ring, serial_bayou_crossing, uniq_crazy_yiuf_cottage

Skill      XL: |  1  2  3 |
---------------+----------+-----
Armour         | 3 |  3.5
Shields        | 3 |  3.2
Long Blades    | 2 |  2.2
Fighting       | |  3.3

Action                   |  1- 3 |  4- 6 || total
-------------------------+-------+-------++-------
Melee: Long sword        |   144 |     2 ||   146
  Use: Potion            |     4 |       ||     4
       Scroll            |     3 |       ||     3
Armor: Scale mail        |    76 |     3 ||    79
Dodge: Dodged            |    39 |       ||    39
Block: Kite shield       |    60 |       ||    60
       Rpst.: Long sword |     9 |       ||     9
